 Dungeon Crawl Stone Soup version 0.30-a0-1103-g25895a7845 (webtiles) character file.

Game seed: 729592248270946680

51 bearlyready the Cudgeller (level 3, 0/31 HPs)
             Began as a Gnoll Reaver on Apr 16, 2023.
             Was a Follower of Vehumet.
             Slain by an orc
             ... wielding a +0 club
              (3 damage)
             ... on level 2 of the Dungeon on Apr 18, 2023.
             The game lasted 00:02:39 (1507 turns).

bearlyready the Cudgeller (Gnoll Reaver)            Turns: 1507, Time: 00:02:40

Health: 0/31       AC:  3    Str: 11    XL:     3   Next: 81%
Magic:  2/9        EV: 12    Int: 14    God:    Vehumet [*.....]
Gold:   108        SH:  0    Dex: 10    Spells: 8/12 levels left

rFire   . . .      SeeInvis .    a - +0 mace
rCold   . . .      Faith    .    (no shield)
rNeg    . . .      Spirit   .    b - +0 leather armour
rPois   .          Reflect  .    (no helmet)
rElec   .          Rampage  .    (no cloak)
rCorr   .                        (no gloves)
Will    .....                    (no boots)
Stlth   +                        (no amulet)
HPRegen 0.25/turn                (no ring)
MPRegen 0.11/turn                (no ring)

@: mighty
A: fangs 1, strong nose, distributed training
a: Renounce Religion


You were on level 2 of the Dungeon.
You worshipped Vehumet.
Vehumet was aware of your devotion.
You visited 1 branch of the dungeon, and saw 2 of its levels.

You collected 108 gold pieces.

Inventory:

Hand Weapons
 a - a +0 mace (weapon)
Missiles
 k - 5 silver javelins
Armour
 b - a +0 leather armour (worn)
Jewellery
 c - a ring of resist corrosion
Scrolls
 d - a scroll of blinking {unknown}
 e - a scroll of identify {unknown}
 f - a scroll of silence {unknown}
 i - a scroll of enchant weapon {unknown}
 j - a scroll of fear {unknown}
Potions
 h - a potion of attraction {unknown}
 l - a potion of degeneration {unknown}


   Skills:
 + Level 4.6 Fighting
 + Level 1.0 Short Blades
 + Level 1.0 Long Blades
 + Level 1.0 Axes
 + Level 6.5 Maces & Flails
 + Level 1.0 Polearms
 + Level 1.0 Staves
 + Level 1.0 Ranged Weapons
 + Level 1.0 Throwing
 + Level 1.0 Armour
 + Level 4.6 Dodging
 + Level 1.0 Stealth
 + Level 1.0 Shields
 + Level 1.0 Unarmed Combat
 + Level 5.0 Spellcasting
 + Level 5.4 Conjurations
 + Level 0.7 Hexes
 + Level 0.7 Summonings
 + Level 0.7 Necromancy
 + Level 0.7 Translocations
 + Level 0.7 Transmutations
 + Level 0.7 Fire Magic
 + Level 0.7 Ice Magic
 + Level 0.7 Air Magic
 + Level 0.7 Earth Magic
 + Level 0.7 Poison Magic
 + Level 1.1 Invocations
 + Level 1.0 Evocations


You had 8 spell levels left.
You knew the following spells:

 Your Spells              Type           Power      Damage    Failure   Level
a - Kiss of Death         Conj/Necr      48%        2d9       6%          1
b - Foxfire               Conj/Fire      48%        2x1d6     6%          1
c - Momentum Strike       Conj/Tloc      24%        3d8       10%         2

Your spell library contained the following spells:

 Spells                   Type           Power      Damage    Failure   Level
 Magic Dart               Conj           72%        1d6       2%          1
 Hailstorm                Conj/Ice       12%        3d5       19%         3
 Call Imp                 Summ           10%        N/A       26%         2
 Mephitic Cloud           Conj/Pois/Air  10%        N/A       26%         3


Dungeon Overview and Level Annotations

Branches:
Dungeon (2/15)

Altars:
Vehumet


Innate Abilities, Weirdness & Mutations

You have very sharp teeth.
Your uncanny sense of smell can sniff out nearby items.
Your experience applies equally to all skills.


Message History

Press: ? - help, Q - select action, (/) - cycle Dir - look around, f - activate You conjure some foxfire!
The orc hits you but does no damage. The orc priest hits you with a +0 mace.
The orc barely misses you.
Your magical contamination has completely faded away.
You hit the orc priest but do no damage.
The foxfire hits the orc.
You kill the orc!
Vehumet accepts your kill.
You feel your power returning.
The foxfire hits the orc priest but does no damage.
The orc closely misses you.
The orc priest hits you but does no damage.
Casting: Foxfire (safe; 6% risk of failure)
Press: ? - help, Q - select action, (/) - cycle Dir - look around, f - activate You conjure some foxfire!
The orc misses you.
The orc priest invokes the aid of Beogh against you.
Beogh smites you!
* * * LOW HITPOINT WARNING * * *
You hit the orc priest.
You bite the orc priest, but do no damage.
The orc priest is lightly wounded.
The foxfire hits the orc priest.
The orc priest is heavily wounded.
The foxfire hits the orc priest.
The orc priest is heavily wounded.
The orc misses you. The orc priest barely misses you.
Casting: Foxfire (safe; 6% risk of failure)
Press: ? - help, Q - select action, (/) - cycle Dir - look around, f - activate You conjure some foxfire!
The orc priest barely misses you. The orc barely misses you.
It was a potion of might.
You feel very mighty all of a sudden.
The foxfire hits the orc priest but does no damage.
The orc priest is heavily wounded.
The foxfire hits the orc priest but does no damage.
The orc priest is heavily wounded.
The orc hits you with a +0 club.
You die...

##########
#......#..#......#
#......##....#####
#......#####...##.
##.##### ###>...
##.# ##.##
#..######## #.#
#....§..... #
#§§########
#@))......
#oo.#...#.
#.........
#....)....
#.........
##..#...#.
#....... .######


You could see an orc priest and an orc.

Vanquished Creatures
  An adder (D:2)
  4 orcs (D:2)
  2 bats (D:2)
  9 endoplasms
  2 giant cockroaches
  4 hobgoblins
  2 kobolds (D:1)
  A quokka (D:1)
  5 ball pythons
  3 frilled lizards
  A rat (D:1)
34 creatures vanquished.

Vanquished Creatures (others)
  32 foxfires
32 creatures vanquished.

Grand Total: 66 creatures vanquished

Notes
Turn   | Place    | Note
-------+----------+-------------------------------------------
     0 | D:1      | bearlyready the Gnoll Reaver began the quest for the Orb.
     0 | D:1      | Reached XP level 1. HP: 20/20 MP: 6/6
   232 | D:1      | Reached XP level 2. HP: 20/26 MP: 7/7
   498 | D:1      | Found a faded altar of an unknown god.
   519 | D:1      | Prayed at the altar of an unknown god.
   519 | D:1      | Became a worshipper of Vehumet
   519 | D:1      | Reached * piety under Vehumet
   519 | D:1      | Offered knowledge of Foxfire by Vehumet.
   522 | D:1      | Learned a level 1 spell: Foxfire
   525 | D:1      | Learned a level 2 spell: Momentum Strike
  1263 | D:2      | Reached skill level 5 in Spellcasting
  1263 | D:2      | Upgraded the game from 0.30-a0-1082-g70414cbcbb to
                  | 0.30-a0-1094-g860fb061e7
  1263 | D:2      | Reached XP level 3. HP: 31/31 MP: 7/9
  1297 | D:2      | Upgraded the game from 0.30-a0-1094-g860fb061e7 to
                  | 0.30-a0-1103-g25895a7845
  1307 | D:2      | Reached skill level 1 in Invocations
  1494 | D:2      | Reached skill level 1 in Short Blades
  1494 | D:2      | Reached skill level 1 in Long Blades
  1494 | D:2      | Reached skill level 1 in Axes
  1494 | D:2      | Reached skill level 1 in Polearms
  1494 | D:2      | Reached skill level 1 in Staves
  1494 | D:2      | Reached skill level 1 in Ranged Weapons
  1494 | D:2      | Reached skill level 1 in Throwing
  1494 | D:2      | Reached skill level 1 in Armour
  1494 | D:2      | Reached skill level 1 in Stealth
  1494 | D:2      | Reached skill level 1 in Shields
  1494 | D:2      | Reached skill level 1 in Unarmed Combat
  1494 | D:2      | Reached skill level 1 in Evocations
  1507 | D:2      | Slain by an orc

Illustrated notes

Levels and vault maps discovered:
D:1:      matt_arrival_diagonals, layout_basic, ebering_ecumenical_altar_mist,
          dreamdust_princess_bridge
D:2:      cheibrodos_pilgrimage, layout_basic

Skill      XL: |  1  2  3 |
---------------+----------+-----
Spellcasting   | 5 |  5.0
Invocations    | 1 |  1.1
Short Blades   | 1 |  1.0
Long Blades    | 1 |  1.0
Axes           | 1 |  1.0
Polearms       | 1 |  1.0
Staves         | 1 |  1.0
Ranged Weapons | 1 |  1.0
Throwing       | 1 |  1.0
Armour         | 1 |  1.0
Stealth        | 1 |  1.0
Shields        | 1 |  1.0
Unarmed Combat | 1 |  1.0
Evocations     | 1 |  1.0
Fighting       | |  4.6
Maces & Flails | |  6.5
Dodging        | |  4.6
Conjurations   | |  5.4
Hexes          | |  0.7
Summonings     | |  0.7
Necromancy     | |  0.7
Translocations | |  0.7
Transmutations | |  0.7
Fire Magic     | |  0.7
Ice Magic      | |  0.7
Air Magic      | |  0.7
Earth Magic    | |  0.7
Poison Magic   | |  0.7

Action                     || total
---------------------------++-------
  Melee: Mace              ||   102
         Bite              ||    10
   Cast: Foxfire           ||    18
    Use: Potion            ||     1
   Stab: Sleeping          ||     2
 Armour: Leather armour    ||    43
  Dodge: Dodged            ||    67

Table legend: (Time is in decaauts)
 A = Elapsed time spent in this place.
 B = Non-inter-level travel time spent in this place.
 C = Inter-level travel time spent in this place.
 D = Time resting spent in this place.
 E = Time spent auto-exploring this place.
 F = Levels seen in this place.
 G = Mean time per level.
                   A        B        C        D        E       F      G
               +--------+--------+--------+--------+--------+-----+--------+
         Total |   1515 |   1497 |     18 |      0 |   1249 |   2 |  757.5 |
       Dungeon |   1515 |   1497 |     18 |      0 |   1249 |   2 |  757.5 |
               +--------+--------+--------+--------+--------+-----+--------+

Top non-repeatable levels by time:
     D:1: 1175 daAuts
     D:2: 339 daAuts
